 Dungeon Crawl Stone Soup version 0.18-a0-801-gb01a236 (webtiles) character file.

117 vonhedlund the Conjurer (level 4, -4/33 HPs)
             Began as a Draconian Conjurer on Dec 14, 2015.
             Slain by an orc warrior
             ... wielding a +0 hand axe
              (20 damage)
             ... on level 3 of the Dungeon.
             The game lasted 00:17:38 (1870 turns).

vonhedlund the Conjurer (Draconian Conjurer)        Turns: 1870, Time: 00:17:38

Health: -4/33      AC:  5    Str: 10    XL:     4   Next: 71%
Magic:  8/8        EV: 12    Int: 17    God:
Gold:   117        SH:  0    Dex: 11    Spells: 1 memorised, 7 levels left

rFire  . . .     SeeInvis .     l - +0 dagger (flame)
rCold  . . .     Clarity  .     (armour unavailable)
rNeg   . . .     SustAt   .     (no shield)
rPois  .         Gourm    .     (helmet restricted)
rElec  .         Spirit   .     (no cloak)
rCorr  .         Dismiss  .     (no gloves)
rMut   .         Stasis   .     (no boots)
MR     .....                    (no amulet)
Stlth  ++........               (no ring)
                                (no ring)

@: not resistant to hostile enchantments, unstealthy
A: unfitting armour, cold-blooded, AC +5
a: no special abilities


You were on level 3 of the Dungeon.
You were not hungry.

You visited 1 branch of the dungeon, and saw 4 of its levels.

You collected 117 gold pieces.

Inventory:

Hand Weapons
 e - a +0 spear
 f - a +0 dagger
 l - a +0 dagger of flaming (weapon)
Missiles
 q - 15 bolts
 w - 15 arrows
Jewellery
 m - an uncursed ring of fire {unknown}
 s - an uncursed ring of poison resistance {unknown}
 u - a +4 ring of protection {unknown}
Wands
 v - a wand of fireball (1)
Scrolls
 c - 3 scrolls of identify
 d - a scroll of enchant armour {unknown}
 h - a scroll of fog {unknown}
 i - a scroll of recharging {unknown}
 p - 2 scrolls of teleportation {unknown}
 r - a scroll of enchant weapon {unknown}
Potions
 g - a potion of resistance {unknown}
 j - 2 potions of ambrosia {unknown}
 n - 4 potions of curing
 t - a potion of heal wounds {unknown}
Books
 a - a book of Conjurations

   Spells                             Type                      Level
   a - Magic Dart                     Conjuration                  1
   b - Searing Ray                    Conjuration                  2
   c - Dazzling Spray                 Conjuration/Hexes            3
   d - Fulminant Prism                Conjuration/Hexes            4
   e - Iskenderun's Mystic Blast      Conjuration                  4
   f - Iskenderun's Battlesphere      Conjuration/Charms           5
Comestibles
 b - 2 bread rations
 k - a beef jerky
 o - 2 chunks of flesh


   Skills:
 - Level 1.7 Dodging
 - Level 1.7 Stealth
 + Level 2.7 Spellcasting
 * Level 5.7 Conjurations


You had 7 spell levels left.
You knew the following spells:

 Your Spells              Type           Power        Failure   Level  Hunger
a - Magic Dart            Conj           ###.         1%          1    #......


Dungeon Overview and Level Annotations

Branches:
Dungeon (4/15)
 Temple: D:4-7

Altars:
Elyvilon
Gozag
Okawaru
Qazlal
Xom
Yredelemnul

Annotations:
D:2 Robin


Innate Abilities, Weirdness & Mutations

Your plain brown scales are hard (AC +5).
Your body does not fit into most forms of armour.
You are cold-blooded and may be slowed by cold attacks.


Message History

A jackal comes into view.
You miss the jackal.
The jackal bites you but does no damage.
The orc warrior hits you with a hand axe!!
Ouch! That really hurt!
The jackal barks!
The jackal closely misses you.
The orc wizard shouts!
You hit the jackal but do no damage.
You tail-slap the jackal, but do no damage.
The jackal barely misses you.
You hit the jackal but do no damage.
You tail-slap the jackal, but do no damage.
The jackal barely misses you. The orc warrior misses you.
The orc wizard barely misses you.
You barely miss the jackal.
The jackal bites you but does no damage.
The orc warrior hits you with a hand axe!!
Ouch! That really hurt!
You die... #...# ......###.. ##÷## oo...

#.. #######.#######...o..#
#.#
##...##...##...##.....#
#.#
#>.♣....♣.'..♣o>#.....#
#.#
##...##...##...##.....#
#.#
#######'#######......###.#
#... #..o#######w.....)#.#
#... #.#o@hh......?.......
#...##o########..# ###.#.#
#.............#..# # #
#........<....#..# #
###.......#####..#########
#.......'.....o.........
#....)..################
##........... #
#..######### #


You could see an orc warrior, a worm (wandering), an orc wizard and 2 jackals.

Vanquished Creatures
  4 adders
  A gnoll (D:1)
  2 oozes
  A worm (D:2)
  A giant gecko (D:4)
  2 orcs
  2 ball pythons (D:2)
  9 goblins
  10 hobgoblins
  10 jackals
  3 kobolds
  4 bats (D:1)
  4 giant newts
  2 rats
55 creatures vanquished.

Notes
Turn   | Place    | Note
--------------------------------------------------------------
     0 | D:1      | vonhedlund the Draconian Conjurer began the quest for the Orb.
     0 | D:1      | Reached XP level 1. HP: 14/14 MP: 3/3
   370 | D:2      | Reached XP level 2. HP: 20/20 MP: 1/5
   452 | D:2      | Noticed Robin
   542 | D:3      | Found an opulent altar of Gozag.
   578 | D:3      | Reached XP level 3. HP: 20/26 MP: 2/6
   594 | D:3      | Found an iron altar of Okawaru.
   596 | D:3      | Found a stormy altar of Qazlal.
   597 | D:3      | Found a shimmering altar of Xom.
   597 | D:3      | Found a basalt altar of Yredelemnul.
   597 | D:3      | Found a white marble altar of Elyvilon.
   631 | D:3      | Noticed an orc warrior
   690 | D:2      | Reached skill level 5 in Conjurations
   927 | D:1      | Reached XP level 4. HP: 25/33 MP: 7/7
  1870 | D:3      | Slain by an orc warrior

Vault maps used:
D:1:      sevenhm_arrival_forest_fort_large_2
D:2:      uniq_robin
D:3:      nicolae_gozag_seed_capital, grunt_temple_overflow_open,
          lemuel_round_altar, grunt_ministairs_5, xom_teletrap_fun,
          uniq_sigmund, uniq_crazy_yiuf_cottage
D:4:      first_bread, minmay_mini_ossuary, uniq_pikel

Action                   |  1- 3 |  4- 6 || total
-------------------------+-------+-------++-------
Melee: Unarmed           |    25 |       ||    25
       Dagger            |    71 |    83 ||   154
 Cast: Magic Dart        |    38 |    17 ||    55
  Use: Scroll            |       |     1 ||     1
 Stab: Sleeping          |     1 |     2 ||     3
  Eat: Chunk             |     1 |     3 ||     4
